 Dungeon Crawl Stone Soup version 0.21-a0-442-g848f44b (webtiles) character file.

374 AverageBear the Cutter (level 6, -3/36 HPs)
             Began as a Deep Elf Fighter on Nov 13, 2017.
             Killed by divine providence
             ... invoked by an orc priest
              (16 damage)
             ... on level 5 of the Dungeon.
             The game lasted 00:03:48 (3737 turns).

AverageBear the Cutter (Deep Elf Fighter)           Turns: 3737, Time: 00:03:49

Health: -3/36      AC: 11    Str: 15    XL:     6   Next: 43%
Magic:  8/8        EV: 11    Int: 13    God:
Gold:   235        SH:  4    Dex: 14    Spells: 5/5 levels left

rFire    . . .     SeeInvis .   a - +1 rapier
rCold    . . .     Gourm    .   y - +0 buckler (curse)
rNeg     . . .     Faith    .   b - +0 scale mail
rPois    .         Spirit   .   l - +1 helmet
rElec    .         Reflect  .   u - +0 cloak
rCorr    +         Harm     .   m - +1 pair of gloves
MR       .....                  (no boots)
Stlth    ..........             (no amulet)
HPRegen  0.12/turn              g - ring of resist corrosion
MPRegen  0.11/turn              (no ring)

@: no status effects
A: no striking features
a: no special abilities


You were on level 5 of the Dungeon.
You were not hungry.

You visited 1 branch of the dungeon, and saw 5 of its levels.

You collected 235 gold pieces.

Inventory:

Hand Weapons
 a - a +1 rapier (weapon)
Armour
 b - a +0 scale mail (worn)
 l - a +1 helmet (worn)
 m - a +1 pair of gloves (worn)
 u - a +0 cloak (worn)
 y - a cursed +0 buckler (worn)
Jewellery
 g - a ring of resist corrosion (left hand)
Scrolls
 e - 2 scrolls of recharging
 k - a scroll of fog
 r - a scroll of teleportation
 w - a scroll of fear
Potions
 d - a potion of might
 h - a potion of magic
 i - 3 potions of invisibility
 n - a potion of heal wounds {unknown}
 o - a potion of lignification
 s - 2 potions of cancellation {unknown}
 t - 3 potions of agility {unknown}
 v - a potion of flight {unknown}
Books
 c - a book of Changes

   Spells                             Type                      Level
   a - Beastly Appendage              Transmutation                1
   b - Sticks to Snakes               Transmutation                2
   c - Spider Form                    Transmutation/Poison         3
   d - Ice Form                       Ice/Transmutation            4
   e - Blade Hands                    Transmutation                5
Comestibles
 f - 6 bread rations
 j - 3 royal jellies
 p - a fruit
 q - 3 chunks of flesh


   Skills:
 - Level 2.4 Fighting
 - Level 6.0 Short Blades
 - Level 2.4 Armour
 + Level 3.9 Dodging
 - Level 2.4 Shields


You had 5 spell levels left.
You didn't know any spells.

Dungeon Overview and Level Annotations

Branches:
Dungeon (5/15)             Temple (0/1) D:4

Altars:
Gozag
Ru
Wu Jian


Message History

The orc priest is moderately wounded.
The orc warrior hits you but does no damage.
The orc priest hits you but does no damage.
You barely miss the orc priest.
The orc priest is moderately wounded.
The orc warrior barely misses you. You block the orc's attack.
The orc priest mumbles some strange prayers to Beogh against you.
Beogh smites you!
You closely miss the orc priest.
The orc priest is moderately wounded.
The orc barely misses you.
The orc warrior hits you from afar with a halberd!
The orc priest hits you but does no damage.
You are too injured to fight recklessly!
You are too injured to fight recklessly!
The orc throws a stone.
The stone hits you.
You see here 2 stones.
The orc priest invokes the aid of Beogh against you.
Beogh smites you!
You die...

... # # #.# #. .# #.#
.###..# #.# .......
########## #.## o.8.#
#........#+###.#.#o...#
#........#...#.##o#
#........+...#.#(#...#
#........#.....#@###(.#
#.....<..##'##.##.## ##
###............###.######
#..............)........
#...........############
#...........#
#...........#
#############


You could see an orc warrior, an orc priest and an orc.

Vanquished Creatures
  A phantom (D:4)
  A hound (D:4)
  An orc wizard (D:5)
  Natasha (thrice) (D:2)
  A worker ant (D:4)
  4 adders
  2 shadow imps
  A worm (D:2)
  4 dart slugs (D:1)
  5 orcs
  2 ball pythons
  2 giant cockroaches (D:1)
  7 goblins
  8 hobgoblins
  7 jackals (D:2)
  6 kobolds
  8 bats
  3 frilled lizards
  9 rats
75 creatures vanquished.

Notes
Turn   | Place    | Note
-------+----------+-------------------------------------------
     0 | D:1      | AverageBear the Deep Elf Fighter began the quest for the Orb.
     0 | D:1      | Reached XP level 1. HP: 13/13 MP: 3/3
   256 | D:1      | Reached XP level 2. HP: 18/18 MP: 4/4
   474 | D:1      | Reached skill level 3 in Short Blades
  1123 | D:1      | Reached XP level 3. HP: 22/22 MP: 5/5
  1269 | D:2      | Reached skill level 4 in Short Blades
  1290 | D:2      | Noticed Natasha
  1314 | D:2      | Killed Natasha
  1314 | D:2      | Reached XP level 4. HP: 13/27 MP: 6/6
  1330 | D:2      | Found an opulent altar of Gozag.
  1489 | D:2      | Noticed Natasha
  1503 | D:2      | Killed Natasha
  1503 | D:2      | Reached skill level 5 in Short Blades
  2099 | D:2      | Noticed Natasha
  2111 | D:2      | Killed Natasha
  2111 | D:2      | Reached XP level 5. HP: 8/31 MP: 7/7
  2777 | D:3      | Found an ornate altar of the Wu Jian Council.
  2906 | D:4      | Reached skill level 6 in Short Blades
  3000 | D:4      | Reached skill level 1 in Dodging
  3079 | D:4      | Noticed a phantom
  3099 | D:4      | Killed a phantom
  3099 | D:4      | Reached XP level 6. HP: 31/36 MP: 8/8
  3203 | D:4      | Found a staircase to the Ecumenical Temple.
  3317 | D:4      | Found a sacrificial altar of Ru.
  3575 | D:5      | Entered Level 5 of the Dungeon
  3730 | D:5      | Noticed an orc warrior
  3737 | D:5      | Killed from afar by an orc priest

Vault maps used:
D:1:      shiori_arrival_oz
D:2:      nicolae_gozag_cash_rules_everything_around_me, uniq_natasha
D:3:      old_standard_altar, moated_statue
D:4:      minmay_temple_entry_junction, first_bread, minmay_misc_feat_chi,
          nicolae_ru_sacrificial_ziggurat
D:5:      guppyfry_early_orc_mine

Skill      XL: |  1  2  3  4  5 |
---------------+----------------+-----
Short Blades   | 3 4 5 6 |  6.0
Dodging        | 3 |  3.9
Fighting       | |  2.4
Armour         | |  2.4
Shields        | |  2.4

Action                   |  1- 3 |  4- 6 || total
-------------------------+-------+-------++-------
Melee: Rapier            |   124 |   182 ||   306
  Use: Scroll            |     5 |     9 ||    14
       Potion            |       |     1 ||     1
  Eat: Chunk             |     1 |     8 ||     9
Armor: Scale mail        |    67 |    81 ||   148
Dodge: Dodged            |    37 |    45 ||    82
Block: Shield            |    62 |    60 ||   122
       Buckler           |       |     3 ||     3

Table legend:
 A = Spawn XP
 B = Non-spawn XP
 C = Spawn XP percentage of total XP
 D = Spawn monster count
 E = Non-spawn monster count
 F = Spawn count percentage of total count
 G = Total turns spent on level
                    A         B        C        D         E        F      G
               +---------+---------+-------+---------+---------+-------+---------
         Total |       0 |     535 |   0.0 |       0 |      75 |   0.0 |  3737
               +---------+---------+-------+---------+---------+-------+---------
           D:1 |       0 |      43 |   0.0 |       0 |      21 |   0.0 |  1134
           D:2 |       0 |     175 |   0.0 |       0 |      32 |   0.0 |  1299
           D:3 |       0 |      48 |   0.0 |       0 |      14 |   0.0 |   449
           D:4 |       0 |     229 |   0.0 |       0 |       6 |   0.0 |   693
           D:5 |       0 |      40 |   0.0 |       0 |       2 |   0.0 |   162
               +---------+---------+-------+---------+---------+-------+---------
